 Dungeon Crawl Stone Soup version 0.31-a0-354-g827e0957a7 (webtiles) character file.

Game seed: 8104967580070133314

1291 bobarctor the Thaumaturge (level 8, 0/31 (41) HPs)
             Began as a Deep Elf Hedge Wizard on July 23, 2023.
             Slain by an ice beast (8 damage)
             ... on level 6 of the Dungeon.
             The game lasted 00:53:02 (8051 turns).

bobarctor the Thaumaturge (Deep Elf Hedge Wizard)   Turns: 8051, Time: 00:53:03

HP:   0/31 (41)     AC:  5    Str:  7    XL:     8   Next: 30%
MP:   10/24         EV: 13    Int: 22    God:
Gold: 410           SH:  0    Dex: 20    Spells: 10/27 levels left

rFire   . . .        a - +0 dagger
rCold   . . .        (no shield)
rNeg    . . .        w - +0 robe {Will+}
rPois   .            c - +0 hat
rElec   .            u - +2 cloak
rCorr   .            (no gloves)
SInv    .            (no boots)
Will    +....        (no amulet)
Stlth   +++          t - +6 ring of dexterity
HPRegen 0.25/turn    (no ring)
MPRegen 0.19/turn

%: no passive effects
@: very slightly contaminated, heavily drained
A: no striking features
a: no special abilities


You were on level 6 of the Dungeon.
You visited 1 branch of the dungeon, and saw 6 of its levels.
You also visited: Ossuary.

You collected 754 gold pieces.
You spent 344 gold pieces at shops.

Inventory:

Hand Weapons
 a - a +0 dagger (weapon)
 F - a +2 flail of holy wrath
 I - a +0 orcbow
Missiles
 H - 3 poisoned darts
 J - a boomerang
Armour
 c - a +0 hat (worn)
 u - a +2 cloak (worn)
 w - a +0 robe of willpower (worn)
Jewellery
 t - a +6 ring of dexterity (left hand)
Talismans
 q - a dragon-blood talisman
Wands
 y - a wand of digging (4)
 z - a wand of flame (12)
Scrolls
 e - 6 scrolls of teleportation
 f - 3 scrolls of fear {unknown}
 g - 2 scrolls of revelation {unknown}
 i - a scroll of poison {unknown}
 k - a scroll of fog {unknown}
 l - a scroll of silence {unknown}
 m - 3 scrolls of amnesia {unknown}
 p - a scroll of brand weapon {unknown}
 r - a scroll of vulnerability {unknown}
 s - 2 scrolls of noise {unknown}
 B - 3 scrolls of blinking {unknown}
 C - a scroll of butterflies {unknown}
 D - 2 scrolls of enchant armour {unknown}
 E - 2 scrolls of identify
 G - a scroll of enchant weapon {unknown}
Potions
 b - a potion of might {unknown}
 d - 2 potions of magic
 h - 6 potions of curing
 j - 2 potions of enlightenment {unknown}
 n - 2 potions of haste
 o - 2 potions of heal wounds
 v - 2 potions of brilliance {unknown}
 x - 2 potions of mutation {unknown}
 A - a potion of cancellation


   Skills:
 + Level 2.7 Dodging
 + Level 3.9 Stealth
 * Level 10.0 Spellcasting
 + Level 4.0 Conjurations
 + Level 1.3 Summonings
 + Level 4.1 Necromancy
 + Level 1.1 Translocations
 * Level 2.7 Air Magic
 * Level 3.1 Poison Magic
 + Level 0.5 Evocations


You had 10 spell levels left.
You knew the following spells:

 Your Spells              Type           Power      Damage    Failure   Level
a - Magic Dart            Conj           100%       1d8       1%          1
b - Blink                 Tloc           32%        N/A       6%          2
c - Mephitic Cloud        Conj/Pois/Air  25%        N/A       4%          3
d - Cigotuvi's Dreadful   Necr/Pois/Air  50%        N/A       2%          2
e - Vampiric Draining     Necr           29%        2d8       3%          3
f - Call Imp              Summ           32%        N/A       5%          2
g - Dispel Undead         Necr           29%        3d13      11%         4

Your spell library contained the following spells:

 Spells                   Type           Power      Damage    Failure   Level
 Kiss of Death            Conj/Necr      100%       2d13      1%          1
 Static Discharge         Conj/Air       52%        2-5/arc   2%          2
 Slow                     Hex            44%        N/A       6%          1
 Confusing Touch          Hex            11%        N/A       19%         3
 Ozocubu's Armour         Ice            11%        N/A       19%         3
 Tukima's Dance           Hex            11%        N/A       19%         3
 Airstrike                Air            11%        2d(2-18)  21%         4
 Summon Lightning Spire   Summ/Air       19%        N/A       26%         4
 Passage of Golubria      Tloc           16%        N/A       36%         4
 Yara's Violent Unravell  Hex/Tmut       5%         3d4       86%         5
 Ozocubu's Refrigeration  Ice            5%         4d8       100%        7


Dungeon Overview and Level Annotations

Branches:
Dungeon (6/15)            Ossuary (visited)
 Temple: D:4-7

Altars:
Cheibriados
Fedhas
Wu Jian
Yredelemnul

Shops:
D:4 (:!=*


Message History

You swap places.
The ice beast barely misses your cerulean imp.
Your cerulean imp hits the ice beast but does no damage.
The ice beast barely misses your cerulean imp.
Your cerulean imp hits the ice beast but does no damage.
The ice beast hits your cerulean imp.
The ice beast freezes your cerulean imp!
Your cerulean imp dies!
Your cerulean imp disappears in a puff of smoke!
Aiming: Magic Dart (safe; 1% risk of failure)
Press: ? - help, Q - select action, (/) - cycle Shift-Dir - straight line, f/p - ice beast
Aim: an ice beast (moderately wounded, 100% to hit)
The magic dart hits the ice beast but does no damage.
The ice beast is moderately wounded.
You feel stable enough to blink again.
Aiming: Magic Dart (safe; 1% risk of failure)
Press: ? - help, Q - select action, (/) - cycle Shift-Dir - straight line, f/p - ice beast
Aim: an ice beast (moderately wounded, 100% to hit)
The magic dart hits the ice beast!
The ice beast is heavily wounded.
Aiming: Magic Dart (safe; 1% risk of failure)
Press: ? - help, Q - select action, (/) - cycle Shift-Dir - straight line, f/p - ice beast
Aim: an ice beast (heavily wounded, 100% to hit)
The magic dart hits the ice beast but does no damage.
The ice beast is heavily wounded.
Casting: Magic Dart (safe; 1% risk of failure)
Confirm with . or Enter, or press ? or * to list all spells.
You blink.
The ice beast hits you. The ice beast freezes you.
The ice beast attacks as you move away! The ice beast misses you.
You feel stable enough to blink again.
Casting: Blink (safe; 6% risk of failure)
Confirm with . or Enter, or press ? or * to list all spells.
You miscast Call Imp.
You are very lightly contaminated with residual magic.
Nothing appears to happen.
The ice beast hits you. The ice beast freezes you!
The ice beast attacks as you move away! The ice beast closely misses you.
The ice beast attacks as you move away! The ice beast hits you.
* * * LOW HITPOINT WARNING * * *
The ice beast freezes you!
You die...

#.#.#
#
#.#.#
.
#.#.#
#
#.#.#
#.#.#
#.#.#
#.#.#
#Y#
#@#
#.#
#.####
#....#
####.#
#.#
#.#
#.#
###.#


You could see an ice beast.

Vanquished Creatures
  Prince Ribbit (D:5)
  Sigmund (D:3)
  A centaur (D:6)
  2 phantoms (D:5)
  A bullfrog (D:6)
  2 hounds
  2 jellies
  Terence (D:2)
  An orc wizard (D:4)
  A sleepcap (D:4)
  5 iguanas
  Ijyb (D:3)
  8 mummies (Ossuary)
  6 adders
  A shadow imp (D:5)
  3 worms
  5 dart slugs (D:3)
  9 orcs
  8 ball pythons
  4 bats
  13 endoplasms
  5 giant cockroaches
  A gnoll zombie (Ossuary)
  10 goblins
  7 hobgoblins
  3 jackals (D:3)
  2 quokkas
  4 frilled lizards
  2 hobgoblin zombies (Ossuary)
  5 kobolds
  2 kobold zombies (Ossuary)
  3 orc zombies (Ossuary)
  7 rats
127 creatures vanquished.

Vanquished Creatures (collateral kills)
  An ufetubus (D:3)
  A bat (D:3)
2 creatures vanquished.

Vanquished Creatures (others)
  A jackal (D:3)
1 creature vanquished.

Grand Total: 130 creatures vanquished

Notes
Turn   | Place    | Note
-------+----------+-------------------------------------------
     0 | D:1      | bobarctor the Deep Elf Hedge Wizard began the quest for the
                  | Orb.
     0 | D:1      | Reached XP level 1. HP: 10/10 MP: 7/7
   223 | D:1      | Reached skill level 5 in Spellcasting
   325 | D:1      | Reached XP level 2. HP: 15/15 MP: 5/10
   328 | D:1      | Learned a level 2 spell: Blink
  1018 | D:1      | Found a faded altar of an unknown god.
  1147 | D:1      | Reached XP level 3. HP: 19/19 MP: 10/12
  1211 | D:1      | Learned a level 3 spell: Mephitic Cloud
  1214 | D:1      | Learned a level 2 spell: Cigotuvi's Dreadful Rot
  1218 | D:1      | Learned a level 3 spell: Vampiric Draining
  1776 | D:2      | Reached skill level 6 in Spellcasting
  1878 | D:2      | Noticed Terence
  1932 | D:2      | Reached skill level 1 in Necromancy
  2058 | D:2      | Found a blossoming altar of Fedhas.
  2097 | D:2      | Reached XP level 4. HP: 24/24 MP: 8/14
  2100 | D:2      | Learned a level 2 spell: Call Imp
  2508 | D:2      | Killed Terence
  2851 | D:3      | Found a snail-covered altar of Cheibriados.
  2851 | D:3      | Found a basalt altar of Yredelemnul.
  3610 | D:3      | Reached XP level 5. HP: 28/28 MP: 6/15
  3728 | D:3      | Noticed Sigmund
  4009 | D:3      | Killed Sigmund
  4010 | D:3      | Reached skill level 7 in Spellcasting
  4010 | D:3      | Reached skill level 1 in Air Magic
  4010 | D:3      | Reached skill level 1 in Poison Magic
  4010 | D:3      | Reached XP level 6. HP: 27/32 MP: 7/18
  4182 | D:3      | Found an ornate altar of the Wu Jian Council.
  4214 | D:3      | Noticed Ijyb
  4231 | D:3      | Killed Ijyb
  4982 | D:4      | Found Ocviwnu's Distillery.
  5112 | D:4      | Found Jabuokk's Book Shop.
  5115 | D:4      | Bought a book of Storms for 260 gold pieces
  5120 | D:4      | Learned a level 4 spell: Dispel Undead
  5295 | D:4      | Reached skill level 8 in Spellcasting
  5475 | D:4      | Found Wudat's Weapon Emporium.
  5638 | D:4      | Found Konamimy's General Store.
  5686 | D:4      | Reached XP level 7. HP: 28/36 MP: 0/20
  5834 | D:4      | Bought a scroll of identify for 28 gold pieces
  5834 | D:4      | Bought a scroll of identify for 28 gold pieces
  5834 | D:4      | Bought a scroll of identify for 28 gold pieces
  5903 | D:4      | Found Refek's Jewellery Shop.
  6096 | D:5      | Entered Level 5 of the Dungeon
  6564 | D:5      | Noticed Prince Ribbit
  6613 | D:5      | Killed Prince Ribbit
  6614 | D:5      | Reached skill level 9 in Spellcasting
  6962 | D:6      | Found a sand-covered staircase.
  7005 | Ossuary  | Entered an ossuary
  7133 | Ossuary  | Reached XP level 8. HP: 41/41 MP: 17/23
  7864 | D:6      | Reached skill level 10 in Spellcasting
  8051 | D:6      | Slain by an ice beast

Illustrated notes

Levels and vault maps discovered:
D:1:      lemuel_arrival_rhombus, layout_loops_ring,
          shapermc_ecumenical_altar_pompeii
D:2:      layout_loops_corners, basic_altar, chequers_garden, minmay_bisected,
          uniq_terence
D:3:      layout_loops_ring, mainiacjoe_overflow_large_starburst,
          nicolae_wu_jian_wuxing_cycle, minmay_misc_feat_alley,
          minmay_joined_circles, uniq_sigmund, uniq_ijyb
D:4:      layout_basic, serial_rivers, chequers_serial_rivers_large_b,
          chequers_serial_rivers_small_a, chequers_serial_rivers_marsh,
          chequers_serial_rivers_large_a, chequers_serial_rivers_small_a,
          serial_shops, nicolae_diamond_shop, nicolae_shop_bloodbath_and_beyond,
          nicolae_shop_just_a_little_nook, shop, kennysheep_mini
D:5:      layout_rooms, uniq_prince_ribbit1
D:6:      layout_loops_ring, chequers_ossuary_entry_cave,
          minmay_gold_behind_fungi, lightli_orcish_oven

Skill      XL: |  1  2  3  4  5  6  7  8 |
---------------+-------------------------+-----
Spellcasting   | 5 6 7 8 9 10 | 10.0
Necromancy     | 1 2 3 4 |  4.1
Stealth        | 3 |  3.9
Conjurations   | 2 3 4 |  4.0
Air Magic      | 1 2 |  2.7
Poison Magic   | 1 2 3 |  3.1
Dodging        | |  2.7
Summonings     | |  1.3
Translocations | |  1.1
Evocations     | |  0.5

Action                     |  1- 3 |  4- 6 |  7- 9 || total
---------------------------+-------+-------+-------++-------
  Melee: Dagger            |     6 |    28 |    24 ||    58
         Punch             |       |       |     2 ||     2
   Cast: Magic Dart        |   100 |   160 |   144 ||   404
         Mephitic Cloud    |     3 |    16 |     5 ||    24
         Vampiric Draining |       |     5 |       ||     5
         Call Imp          |       |     3 |     5 ||     8
         Cigotuvi's Dreadf |       |     1 |     5 ||     6
         Blink             |       |     4 |     3 ||     7
         Dispel Undead     |       |       |     3 ||     3
  Evoke: Wand              |       |       |     2 ||     2
    Use: Potion            |       |     1 |       ||     1
         Scroll            |       |       |     7 ||     7
   Stab: Confused          |     1 |     2 |     4 ||     7
 Armour: Robe              |     3 |    22 |    18 ||    43
  Dodge: Dodged            |    13 |    59 |    29 ||   101

Table legend: (Time is in decaauts)
 A = Elapsed time spent in this place.
 B = Non-inter-level travel time spent in this place.
 C = Inter-level travel time spent in this place.
 D = Time resting spent in this place.
 E = Time spent auto-exploring this place.
 F = Levels seen in this place.
 G = Mean time per level.
                   A        B        C        D        E       F      G
               +--------+--------+--------+--------+--------+-----+--------+
         Total |   8103 |   7880 |    223 |   2459 |   4085 |   7 | 1157.6 |
       Dungeon |   7493 |   7270 |    223 |   2118 |   4026 |   6 | 1248.8 |
       Ossuary |    609 |    609 |      0 |    341 |     59 |   1 |  609.0 |
               +--------+--------+--------+--------+--------+-----+--------+

Top non-repeatable levels by time:
     D:3: 1936 daAuts
     D:1: 1451 daAuts
     D:2: 1424 daAuts
     D:4: 1416 daAuts
     D:5: 777 daAuts
 Ossuary: 609 daAuts
     D:6: 486 daAuts
